Map: Winter's Gate LE

Players

MGS - Winner!

  • Race: Terran Terran
  • League: Platinum
  • Spawn Location: 5:00

pHARM

  • Race: Zerg Zerg
  • League: Platinum
  • Spawn Location: 11:00

VOD

Have the link to the VOD?

Description

Time

  • Played on: Aug. 30, 2019, 11:35 p.m.
  • Length: 13:16
Show
View Real Time Build Order
Export as new Build Order

MGS Terran - Winner!

Build Orders:  

Get SALT Encoding   

  12  0:01  SCV  
  13  0:13  SCV  
  14  0:17  Supply Depot  
  14  0:25  SCV  
  15  0:39  SCV  
  16  0:44  Barracks  
  16  0:45  Refinery  
  16  0:51  SCV  
  17  1:03  SCV  
  18  1:15  SCV  
  19  1:31  Orbital Command  
  19  1:45  Command Center  
  19  1:49  Barracks  
  19  1:57  SCV  
  19  1:58  Barracks Reactor  
  20  2:08  Factory  
  20  2:11  SCV  
  21  2:20  Supply Depot  
  21  2:27  SCV  
  22  2:35  Marine  
  23  2:41  Refinery  
  23  2:42  Marine, SCV  
  25  2:48  Barracks Tech Lab  
  25  2:54  SCV, Starport  
  26  3:00  Orbital Command  
  26  3:03  Marine  
  26  3:04  Marine  
  28  3:06  SCV  
  29  3:17  Marine  
  29  3:18  SCV  
  31  3:22  Stimpack  
  31  3:25  Marine x2  
  33  3:36  Marine  
  33  3:40  Medivac  
  36  3:44  SCV x2  
  36  3:46  Widow Mine  
  36  3:47  Marine x2  
  42  4:02  Supply Depot  
  42  4:03  Marine  
  42  4:05  SCV x2  
  42  4:08  Marine  
  46  4:23  Marine x2, Medivac  
  50  4:25  Marine, Factory Tech Lab  
  51  4:32  Supply Depot  
  51  4:40  SCV x2  
  51  4:41  Marine  
  51  4:42  Supply Depot  
  54  4:50  Barracks x2  
  54  4:51  Barracks  
  54  4:53  Marine  
  54  4:54  Marine  
  56  5:01  Supply Depot  
  56  5:08  Marine  
  56  5:11  Marine, Siege Tank  
  61  5:19  SCV x2  
  63  5:23  Refinery  
  63  5:30  Marine x2  
  63  5:31  Marine, SCV x2  
  63  5:33  Starport Reactor  
  68  5:50  Marine x5  
  68  5:51  Marine  
  68  5:54  SCV  
  64  6:08  Marine x4  
  67  6:17  Siege Tank  
  70  6:22  Supply Depot  
  70  6:45  Medivac x2  
  74  6:51  Siege Tank  
  74  6:53  Combat Shield  
  77  6:58  Engineering Bay  
  77  7:00  Engineering Bay  
  77  7:02  Command Center  
  77  7:05  Command Center  
  77  7:10  Marine x3  
  79  7:23  Siege Tank  
  79  7:24  Marine x3  
  79  7:28  Marine  
  86  7:45  Marine  
  86  7:47  Marine  
  86  7:48  Marine  
  86  7:49  Marine  
  85  7:53  Marine  
  85  7:56  Marine  
  85  7:57  Medivac  
  85  8:03  Marine, Terran Infantry Armor Level 1, Terran Infantry Weapons Level 1  
  86  8:13  Marine x4, Medivac  
  86  8:14  Marine  
  93  8:22  SCV x2  
  93  8:25  Marine  
  96  8:31  Marine x2  
  96  8:32  Marine x3  
  104  8:34  Siege Tank  
  104  8:41  SCV x2  
  106  8:43  Marine  
  106  8:44  Planetary Fortress  
  106  8:47  Refinery  
  107  8:49  Marine x2  
  108  9:24  Siege Tank  
  101  9:30  Marine x5  
  101  9:31  Marine  
  104  9:33  Medivac x2  
  102  9:48  Marine  
  102  9:50  Marine x3  
  102  9:51  Marine x2  
  108  9:56  Siege Tank  
  102  10:03  SCV, Medivac  
  102  10:04  SCV x3  
  102  10:06  Marine  
  107  10:08  Marine x2  
  107  10:12  Marine x3, Refinery  
  112  10:15  Armory  
  112  10:16  SCV x3  
  112  10:20  Supply Depot  
  116  10:22  Planetary Fortress  
  116  10:23  Marine  
  116  10:28  Marine, Armory  
  116  10:29  SCV x3  
  79  10:44  Siege Tank  
  82  10:55  Marine x3, Medivac x2  
  82  10:56  Marine x2  
  82  10:57  Marauder  
  90  11:06  Terran Vehicle Weapons Level 1  
  90  11:07  Factory  
  90  11:08  Factory  
  90  11:14  SCV x4  
  90  11:15  Marine  
  90  11:16  Marine  
  96  11:19  Supply Depot, Refinery  
  96  11:25  Refinery  
  96  11:35  Marine x4  
  96  11:36  Marauder  
  96  11:38  Siege Tank  
  105  11:42  Marine  
  106  11:47  SCV  
  106  11:48  SCV  
  108  11:56  Marine x4  
  108  11:57  Marauder  
  108  11:58  Command Center  
  114  12:01  SCV  
  114  12:02  SCV x3  
  114  12:07  Marine  
  119  12:13  Marine  
  119  12:14  Marine, SCV, Viking x2  
  126  12:16  SCV x2  
  126  12:19  Marauder  
  126  12:20  Supply Depot x2  
  126  12:21  Marine x2  
  132  12:25  Supply Depot  
  132  12:27  Refinery  
  132  12:41  Marine x3  
  132  12:42  Marine, Siege Tank, SCV x3, Marauder  
  144  12:56  Marine  
Show
View Real Time Build Order
Export as new Build Order

pHARM Zerg 

Build Orders: Hatch First 

Get SALT Encoding   

  12  0:00  Drone  
  13  0:12  Overlord  
  13  0:23  Drone  
  14  0:30  Drone x2  
  16  0:52  Hatchery  
  16  0:54  Drone  
  16  0:56  Drone  
  17  0:59  Drone  
  18  1:14  Spawning Pool  
  17  1:25  Drone x2  
  19  1:41  Drone x2  
  19  1:44  Extractor  
  20  1:55  Overlord  
  20  2:03  Queen  
  20  2:04  Queen  
  20  2:06  Zergling x4  
  26  2:13  Drone  
  27  2:19  Drone  
  28  2:27  Drone x2  
  30  2:39  Drone  
  30  2:40  Drone  
  32  2:45  Queen  
  32  2:50  Hatchery  
  33  2:54  Lair  
  33  2:56  Drone  
  33  2:58  Drone  
  35  3:03  Drone  
  36  3:07  Overlord  
  36  3:27  Drone  
  36  3:28  Drone x7  
  36  3:29  Overlord  
  44  3:50  Drone x4  
  44  3:55  Pneumatized Carapace  
  48  4:00  Extractor  
  48  4:01  Extractor  
  47  4:02  Drone  
  47  4:03  Drone x6  
  53  4:25  Metabolic Boost  
  53  4:54  Overlord x2  
  53  4:55  Overlord, Baneling Nest  
  52  5:07  Evolution Chamber  
  52  5:08  Evolution Chamber  
  52  5:09  Drone x3  
  52  5:10  Drone x3  
  52  5:11  Hydralisk Den  
  52  5:12  Zergling x6  
  52  5:13  Zergling x22  
  69  5:26  Zergling x8  
  69  5:27  Overlord  
  69  5:28  Overlord x3  
  73  5:43  Baneling x6  
  73  5:44  Baneling x13  
  73  5:49  Zergling x14  
  57  6:23  Drone  
  57  6:24  Drone x11  
  69  6:26  Spawning Pool  
  69  6:27  Grooved Spines  
  68  6:40  Zerg Melee Weapons Level 1  
  68  6:51  Drone x2  
  68  6:52  Drone x9  
  79  7:11  Zerg Ground Armor Level 1  
  79  7:26  Centrifical Hooks  
  70  7:33  Drone x6  
  76  7:38  Muscular Augments  
  64  7:52  Queen x2  
  64  7:53  Queen  
  69  8:02  Zergling x2  
  69  8:03  Zergling x16  
  78  8:12  Extractor  
  77  8:13  Extractor  
  76  8:22  Zergling x8  
  80  8:33  Queen  
  82  8:37  Zergling x10  
  87  8:47  Zergling x6  
  90  8:51  Extractor  
  90  8:52  Hydralisk  
  90  8:53  Hydralisk x2  
  95  9:06  Hydralisk  
  95  9:07  Hydralisk x4  
  74  9:24  Zergling x2  
  74  9:25  Zergling x14  
  74  9:31  Zergling x4  
  80  9:42  Zergling x4  
  80  9:43  Zergling x2  
  80  9:44  Baneling  
  80  9:45  Baneling x19  
  83  10:07  Drone x5  
  83  10:09  Hatchery  
  70  10:46  Queen x2  
  74  10:59  Zerg Melee Weapons Level 2  
  74  11:00  Zerg Ground Armor Level 2  
  74  11:01  Infestation Pit  
  73  11:26  Hydralisk x8  
  73  11:27  Hydralisk x2  
  73  11:32  Hatchery  
  92  11:47  Zergling x2  
  92  11:48  Zergling x8  
  97  12:12  Baneling  
  97  12:13  Baneling x9  
  97  12:28  Spire  
  96  12:34  Drone x7  
  96  12:35  Drone  
  104  12:37  Drone x2  
  104  12:40  Overlord x2  
  107  12:44  Zergling x2  
  107  12:51  Overlord x3  
Tags
 
Matchup
TvZ
Replay Pack
10.7.19
Spawn Locations
Cross Positions
Add a new tag
Caveats
  • Supply blocks, unpowered buildings, or Contaminate may cause inaccurate times.
  • Supply counts are checked every 10 seconds.